AoeStats
← Infadel

Arabian Desert

509486061Analyzed
1v1 RM · 5d ago on Sep 26, 2026· 29m 3s· 2 players
Game mode
Random Map
Map size
Tiny (2 player)
Population
200
Speed
Normal
Resources
Standard
Victory
Conquest
Starting age
Dark Age
Ending age
Imperial Age
RankedLock teamsTeams togetherTeam positionsShared explorationLock speedFull tech treeHidden civsTurbo modeCheats
Victory
Defeat
🇳🇿 Danes · New Zealand
1122
+15
🇮🇳 Mongols · India
1102
-15
Infadel
9:20 Feudal Age
7:35 Loom
15:14 Fletching
21:51 Castle Age
20:22 Forging
22:37 Double-Bit Axe
23:16 Padded Archer Armor
26:17 Man-at-Arms
27:37 Bodkin Arrow
27:58 Leather Archer Armor
28:10 Long Swordsman
Toralen
7:19 Loom
11:07 Feudal Age
12:19 Double-Bit Axe
18:40 Wheelbarrow
19:19 Horse Collar
23:24 Castle Age
24:13 Squires
24:18 Scale Mail Armor
24:32 Forging
24:50 Bow Saw
26:47 Gambesons
Connection lost

Rejoining the realm…

Still unreachable

The connection could not be restored.

Session expired

The server has moved on; the page needs a fresh start.